 Seeded DCSS version 0.31-a0-339-gda1cbd555d (webtiles) character file.

Game seed: 14215367866634240820 (custom seed)

1542 innerfire43 the Covered (level 8, -5/64 HPs)
             Began as a Demonspawn Monk on July 20, 2023.
             Slain by an ice beast (9 damage)
             ... on level 7 of the Dungeon.
             The game lasted 00:05:40 (4524 turns).

innerfire43 the Covered (Demonspawn Monk)           Turns: 4524, Time: 00:05:41

Health: -5/64      AC:  7    Str: 14    XL:     8   Next: 56%
Magic:  8/8        EV: 13    Int: 11    God:
Gold:   285        SH:  0    Dex: 16    Spells: 7/7 levels left

rFire   . . .        n - +2 battleaxe (venom)
rCold   . . .        (shield currently unavailable)
rNeg    . . .        b - +0 robe
rPois   .            j - +2 helmet
rElec   .            (no cloak)
rCorr   +            (no gloves)
SInv    .            m - +0 pair of boots
Will    .....        (no amulet)
Stlth   +            v - ring of resist corrosion
HPRegen 0.30/turn    (no ring)
MPRegen 0.11/turn

%: no passive effects
@: confused, lethally poisoned (-5 -> -7), ambrosia-drunk, marked, mesmerised
A: large bone plates 1, demonic guardian 2, condensation shield
a: no special abilities


You were on level 7 of the Dungeon.
You visited 1 branch of the dungeon, and saw 7 of its levels.

You collected 285 gold pieces.

Inventory:

Hand Weapons
 n - a +2 battleaxe of venom (weapon)
Missiles
 h - 5 silver javelins (quivered)
Armour
 b - a +0 robe (worn)
 d - an orb of light
 j - a +2 helmet (worn)
 m - a +0 pair of boots (worn)
Jewellery
 v - a ring of resist corrosion (left hand)
 D - a ring of see invisible
Talismans
 y - a serpent talisman
Wands
 r - a wand of mindburst (17)
 t - a wand of roots (19)
 u - a wand of polymorph (12)
 z - a wand of quicksilver (17)
 F - a wand of paralysis (13)
Scrolls
 e - a scroll of enchant weapon {unknown}
 f - a scroll of fog {unknown}
 i - a scroll of amnesia {unknown}
 k - 4 scrolls of enchant armour {unknown}
 l - 5 scrolls of identify {unknown}
 s - a scroll of blinking {unknown}
 A - 2 scrolls of vulnerability {unknown}
 C - a scroll of summoning {unknown}
 E - a scroll of fear {unknown}
Potions
 g - 3 potions of curing
 o - a potion of degeneration {unknown}
 p - a potion of berserk rage {unknown}
 w - a potion of lignification {unknown}
 x - a potion of attraction {unknown}
 B - a potion of haste {unknown}


   Skills:
 + Level 6.2 Fighting
 + Level 5.8 Axes
 * Level 6.4 Armour
 - Level 3.0 Dodging


You had 7 spell levels left.
You didn't know any spells.
Your spell library contained the following spells:

 Spells                   Type           Power      Damage    Failure   Level
 Apportation              Tloc           0%         N/A       34%         1
 Necrotise                Necr           0%         1d4       34%         1
 Sandblast                Erth           0%         2d4       34%         1
 Summon Small Mammal      Summ           0%         N/A       34%         1
 Passwall                 Tmut/Erth      0%         N/A       47%         2
 Sublimation of Blood     Necr           0%         N/A       47%         2
 Gell's Gravitas          Tloc           0%         N/A       71%         3
 Stone Arrow              Conj/Erth      0%         3d7       71%         3
 Teleport Other           Tloc           0%         N/A       71%         3
 Petrify                  Tmut/Erth      0%         N/A       98%         4
 Irradiate                Conj/Tmut      0%         3d11      100%        5
 Dispersal                Tloc           0%         N/A       100%        6


Dungeon Overview and Level Annotations

Branches:
Dungeon (7/15)
 Temple: D:4-7

Altars:

Shops:
D:4 [   D:5 *

Annotations:
D:7 Dowan, Duvessa, Maggie


Innate Abilities, Weirdness & Mutations

You are partially covered in large bone plates. (SH +4)
A demonic guardian rushes to your aid.
A meltable shield of frost defends you. (SH +0)


Message History

Maggie closely misses you.
Duvessa says, "Where magic fails, the sword succeeds!"
A sky beast comes into view.
The ice beast barely misses you.
The water moccasin bites you but does no damage.
Unknown command.
You closely miss Maggie.
Maggie is lightly wounded.
You hit the water moccasin. You barely miss the ice beast. You hit the hound.
The hound is poisoned.
You feel sick. The hound bites you.
The water moccasin bites you but does no damage.
You block Maggie's attack.
Dowan smirks and points a slender finger.
The ice beast hits you but does no damage.
The hound closely misses you. The water moccasin barely misses you.
You are confused.
You feel invigorated.
You feel sick. The hound closely misses you.
Maggie casts a spell.
Maggie attempts to bespell you!
You are mesmerised by Maggie!
A wight comes into view. It is wielding a +0 long sword.
The ice beast hits you. The ice beast freezes you!
* * * LOW HITPOINT WARNING * * *
The water moccasin closely misses you. The hound bites you.
* * * LOW HITPOINT WARNING * * *
A demonic guardian appears!
You hit Maggie.
Maggie looks as sick as possible!
Maggie is lightly wounded.
You slash Dowan!
Dowan looks as sick as possible!
You hit the water moccasin. You closely miss the ice beast.
You closely miss the hound.
You feel sick.
You kill the water moccasin!
The hound bites you.
* * * LOW HITPOINT WARNING * * *
Maggie casts a spell at you. The bolt of fire hits you!
* * * LOW HITPOINT WARNING * * *
The ice beast hits you.
* * * LOW HITPOINT WARNING * * *
The ice beast freezes you!
You die...

#######
#.....#
#....>#
#.....# ###
#.....##....
#4..§.§..#
#####
#eYh..#
#...#
#†@@e.###
#..(#
#...###...#
##...##
..Y.<##
###z#
#.....# .###
#.###.....+
#<........#
##....#####
#....#
#....#
#.......


You could see Maggie (mesmerising, extremely poisoned), Duvessa, an ice beast
(poisoned, ally target), a sky beast, Dowan (extremely poisoned), a hound (very
poisoned), a wight and a friendly hellwing (summoned).

Vanquished Creatures
  Pikel (D:7)
  2 water moccasins
  A sky beast (D:5)
  2 black bears
  A phantom (D:5)
  3 scorpions
  4 hounds
  Ijyb (D:4)
  2 iguanas
  An orc wizard (D:6)
  2 adders
  2 gnolls (D:2)
  A white imp (D:6)
  A worm (D:2)
  2 dart slugs
  9 orcs
  8 ball pythons
  7 endoplasms
  7 giant cockroaches
  8 goblins
  6 hobgoblins
  6 jackals (D:1)
  6 kobolds
  9 quokkas
  5 bats
  5 frilled lizards
  4 rats
106 creatures vanquished.

Vanquished Creatures (collateral kills)
  An orc priest (D:3)
  Terence (D:3)
  2 gnolls (D:2)
  An adder (D:3)
  A worm (D:3)
  2 orcs
  A quokka (D:1)
9 creatures vanquished.

Grand Total: 115 creatures vanquished

Notes
Turn   | Place    | Note
-------+----------+-------------------------------------------
     0 | D:1      | innerfire43 the Demonspawn Monk began the quest for the
                  | Orb.
     0 | D:1      | Reached XP level 1. HP: 18/18 MP: 1/1
    51 | D:1      | Gained mutation: A weak demonic guardian rushes to your
                  | aid. [demonic ancestry]
    51 | D:1      | Reached XP level 2. HP: 16/24 MP: 2/2
   444 | D:1      | Reached XP level 3. HP: 29/29 MP: 3/3
   944 | D:2      | HP: 1/30 [gnoll/+0 spear (7)]
   949 | D:2      | Reached skill level 1 in Armour
   949 | D:2      | Gained mutation: A demonic guardian rushes to your aid.
                  | [demonic ancestry]
   949 | D:2      | Reached XP level 4. HP: 4/37 MP: 4/4
  1429 | D:3      | Noticed Terence
  1435 | D:3      | Killed Terence
  1586 | D:3      | Reached XP level 5. HP: 41/42 MP: 5/5
  2260 | D:4      | Found Junwutirr's Armour Shoppe.
  2331 | D:4      | Noticed Ijyb
  2347 | D:4      | Killed Ijyb
  2651 | D:4      | Noticed a black bear
  2664 | D:4      | Killed a black bear
  2665 | D:4      | Reached XP level 6. HP: 16/49 MP: 6/6
  2826 | D:4      | Found a glowing drain.
  2894 | D:4      | You fall into a shaft and drop 3 floors!
  2907 | D:6      | Identified a scroll of acquirement
  2907 | D:6      | Acquired a +2 battleaxe of venom
  3016 | D:5      | Entered Level 5 of the Dungeon
  3140 | D:5      | Gained mutation: A meltable shield of frost defends you.
                  | (SH +0) [demonic ancestry]
  3140 | D:5      | Reached XP level 7. HP: 53/55 MP: 7/7
  3163 | D:5      | Reached skill level 5 in Fighting
  3422 | D:5      | Found Ucuimn's Serpentskin Sales.
  3655 | D:5      | Reached skill level 5 in Axes
  3655 | D:5      | Reached skill level 5 in Armour
  4109 | D:6      | Gained mutation: You are partially covered in large bone
                  | plates. (SH +4) [demonic ancestry]
  4109 | D:6      | Reached XP level 8. HP: 63/63 MP: 8/8
  4116 | D:6      | Identified the +1 long sword "Demon's Foe" {pain, *Slow
                  | rPois Str-4 Int+5}
  4508 | D:7      | Noticed Pikel
  4516 | D:7      | Noticed Maggie
  4518 | D:7      | Noticed Dowan
  4519 | D:7      | Killed Pikel
  4520 | D:7      | Noticed Duvessa
  4524 | D:7      | Slain by an ice beast

Illustrated notes

Levels and vault maps discovered:
D:1:      dpeg_arrival_castle, layout_basic, serial_forest,
          infiniplex_forest_straight_2, infiniplex_forest_straight_3,
          infiniplex_forest_clump_double, infiniplex_forest_lined_1,
          infiniplex_forest_clump_small, infiniplex_forest_straight_2,
          infiniplex_forest_lined_3_way
D:2:      layout_rooms
D:3:      layout_basic, general_overflow_altar, uniq_terence
D:4:      minmay_chambers_of_fours, layout_loops_ring, gup_sewer_entry_pipe,
          serial_shops, shop, uniq_ijyb
D:5:      layout_basic, guppyfry_shop_venom
D:6:      layout_rooms
D:7:      layout_rooms, minmay_temple_entry_hall, serial_shops,
          nicolae_shop_overgrown_old_shop, uniq_pikel, uniq_maggie, uniq_duvessa

Skill      XL: |  1  2  3  4  5  6  7  8 |
---------------+-------------------------+-----
Axes           | 3 4 5 |  5.8
Dodging        | 3 |  3.0
Armour         | 1 3 4 5 6 |  6.4
Fighting       | 4 5 6 |  6.2

Action                     |  1- 3 |  4- 6 |  7- 9 || total
---------------------------+-------+-------+-------++-------
  Melee: Hand axe          |    92 |    43 |       ||   135
         War axe           |       |    95 |       ||    95
         Battleaxe         |       |    13 |    80 ||    93
  Throw: Javelin           |     4 |     1 |       ||     5
    Use: Potion            |     1 |       |     2 ||     3
         Scroll            |       |     4 |       ||     4
 Armour: Robe              |    18 |    47 |    26 ||    91
  Dodge: Dodged            |    74 |   132 |    51 ||   257
  Block: Other             |       |       |    30 ||    30

Table legend: (Time is in decaauts)
 A = Elapsed time spent in this place.
 B = Non-inter-level travel time spent in this place.
 C = Inter-level travel time spent in this place.
 D = Time resting spent in this place.
 E = Time spent auto-exploring this place.
 F = Levels seen in this place.
 G = Mean time per level.
                   A        B        C        D        E       F      G
               +--------+--------+--------+--------+--------+-----+--------+
         Total |   4624 |   4504 |    120 |      0 |   3675 |   7 |  660.6 |
       Dungeon |   4624 |   4504 |    120 |      0 |   3675 |   7 |  660.6 |
               +--------+--------+--------+--------+--------+-----+--------+

Top non-repeatable levels by time:
     D:5: 1032 daAuts
     D:3: 841 daAuts
     D:1: 746 daAuts
     D:4: 722 daAuts
     D:2: 643 daAuts
     D:6: 601 daAuts
     D:7: 37 daAuts
